Map: Zen LE

Players

Vanya - Winner!

  • Race: Zerg Zerg
  • League: Master
  • Spawn Location: 1:00

GunGFuBanDa

  • Race: Protoss Protoss
  • League: Master
  • Spawn Location: 7:00

VOD

Have the link to the VOD?

Description

Time

  • Played on: May 26, 2020, 2:14 p.m.
  • Length: 16:02
Show
View Real Time Build Order
Export as new Build Order

Vanya Zerg - Winner!

Build Orders: Hatch First, Muta Ling Bane 

Get SALT Encoding   

  12  0:00  Drone  
  13  0:12  Overlord  
  13  0:16  Drone  
  14  0:30  Drone x2  
  16  0:46  Drone  
  17  0:52  Hatchery  
  17  0:55  Drone  
  17  0:59  Drone  
  18  1:09  Extractor  
  17  1:14  Spawning Pool  
  17  1:17  Drone  
  17  1:20  Drone  
  18  1:27  Drone  
  19  1:41  Drone  
  20  1:49  Overlord  
  20  2:00  Queen  
  22  2:03  Queen  
  22  2:04  Zergling x4  
  26  2:12  Metabolic Boost, Drone  
  26  2:15  Drone  
  28  2:21  Drone  
  29  2:36  Hatchery  
  28  2:41  Drone x2  
  30  2:47  Queen  
  32  2:51  Zergling x2  
  32  2:53  Zergling x2  
  32  2:57  Overlord  
  34  2:59  Drone  
  34  3:01  Drone  
  36  3:16  Drone x2  
  36  3:17  Overlord, Zergling x4  
  40  3:24  Drone x2  
  41  3:30  Overlord  
  41  3:34  Drone  
  41  3:36  Queen  
  44  3:42  Overlord  
  44  3:47  Queen  
  46  3:48  Drone  
  46  3:49  Drone x2  
  46  3:52  Spore Crawler  
  46  3:55  Spore Crawler  
  47  4:02  Drone x2, Evolution Chamber  
  48  4:04  Drone  
  48  4:05  Drone  
  48  4:08  Drone  
  51  4:12  Drone  
  51  4:14  Drone x3  
  55  4:22  Drone x2  
  55  4:23  Spore Crawler  
  56  4:29  Zerg Melee Weapons Level 1  
  56  4:33  Drone  
  56  4:34  Overlord  
  56  4:35  Extractor, Overlord  
  56  4:38  Drone  
  57  4:45  Baneling Nest  
  56  4:47  Drone x2  
  56  4:48  Overlord  
  58  4:54  Drone  
  58  4:55  Zergling x14  
  66  5:02  Zergling x2  
  66  5:03  Zergling x8  
  66  5:06  Zergling x4  
  70  5:12  Zergling x2  
  70  5:13  Zergling x4  
  67  5:16  Zergling x4  
  69  5:22  Zergling x8  
  73  5:34  Baneling x10  
  72  5:37  Zergling x8  
  72  5:40  Zergling x6  
  76  5:45  Zergling x4  
  76  5:47  Zergling x4  
  78  5:58  Zergling x8  
  78  6:03  Zergling x6  
  81  6:09  Zergling x4  
  81  6:12  Baneling x10  
  78  6:19  Overlord  
  78  6:21  Zergling x12  
  79  6:28  Zergling x10  
  78  6:35  Drone x4  
  78  6:38  Drone  
  78  6:39  Drone x2  
  80  6:44  Lair  
  80  6:46  Drone  
  80  6:47  Drone  
  80  6:48  Drone  
  80  6:53  Drone x2  
  83  6:54  Drone x2  
  83  6:58  Overlord  
  83  6:59  Drone x2  
  87  7:02  Drone  
  87  7:11  Extractor  
  87  7:14  Drone x2  
  88  7:16  Extractor  
  88  7:17  Hatchery  
  88  7:18  Extractor  
  85  7:23  Drone x4, Roach Warren  
  85  7:25  Drone  
  85  7:28  Drone x3  
  92  7:37  Extractor  
  92  7:39  Overlord  
  92  7:42  Zerg Melee Weapons Level 2  
  91  7:46  Zergling x8  
  91  7:49  Spire  
  93  7:51  Zergling x2  
  93  7:52  Zergling x6  
  97  7:58  Zergling x6  
  97  7:59  Roach Warren  
  97  8:04  Zergling x10  
  103  8:07  Overlord  
  103  8:09  Overlord  
  103  8:12  Overlord  
  103  8:16  Zergling x8  
  98  8:36  Drone x4  
  98  8:37  Drone  
  98  8:38  Drone x2  
  105  8:42  Overlord  
  96  9:01  Mutalisk x12  
  120  9:05  Glial Reconstitution  
  120  9:12  Drone x9  
  120  9:17  Roach x2  
  132  9:20  Centrifical Hooks  
  132  9:21  Roach  
  134  9:31  Drone x3  
  137  9:32  Extractor  
  137  9:33  Drone  
  137  9:35  Corruptor x2  
  137  9:37  Corruptor  
  143  9:41  Overlord  
  141  9:49  Corruptor  
  143  9:55  Drone  
  144  10:02  Roach x4  
  144  10:06  Zerg Missile Weapons Level 1  
  152  10:10  Overlord x2  
  152  10:14  Baneling x14  
  152  10:16  Hatchery  
  152  10:19  Overlord  
  151  10:27  Overlord  
  151  10:30  Zergling x18  
  151  10:31  Zergling x10  
  151  10:32  Ravager x3  
  166  10:46  Roach x9  
  184  10:52  Overlord  
  184  10:54  Baneling x12  
  184  10:56  Overseer  
  184  11:09  Overlord  
  184  11:12  Zergling x16  
  184  11:14  Overlord  
  184  11:18  Baneling x15  
  192  11:20  Overlord  
  192  11:28  Zergling x16  
  200  11:45  Baneling x15  
  200  11:46  Baneling x5  
  178  12:03  Roach x11  
  192  12:11  Roach x5  
  186  12:25  Zergling x42  
  185  12:34  Roach x11  
  190  12:41  Zergling x4  
  183  12:50  Zergling x14  
  183  12:56  Drone x3  
  183  12:57  Drone x5  
  177  12:59  Baneling x10  
  177  13:00  Baneling x8  
  177  13:01  Zergling x4  
  177  13:05  Drone  
  177  13:08  Baneling x5  
  177  13:09  Queen  
  179  13:15  Zergling x6  
  179  13:16  Zergling x4  
  176  13:25  Zergling x16  
  172  13:33  Zergling x20  
  166  13:41  Zergling x4  
  166  13:45  Zergling x6  
  158  13:52  Zergling x2  
  158  13:53  Zergling x12  
  136  14:03  Roach x3  
  136  14:04  Roach x4  
  140  14:14  Roach x4, Zergling x2  
  140  14:16  Roach  
  140  14:17  Roach  
  143  14:23  Roach x6  
  152  14:24  Ravager x3  
  152  14:25  Ravager x4  
  152  14:27  Hatchery  
  152  14:28  Zergling x2  
  152  14:31  Roach, Zergling x2  
  158  14:38  Zergling x16  
  159  14:44  Ravager x6, Baneling  
  159  14:45  Spine Crawler, Baneling x11  
  164  14:46  Spine Crawler x2  
  164  14:47  Spine Crawler  
  164  14:48  Extractor, Queen x2  
  164  14:51  Zergling x12  
  167  14:55  Spore Crawler  
  162  15:02  Zergling x22  
  162  15:04  Queen x2  
  179  15:08  Zergling x2  
  179  15:09  Zergling x12  
  180  15:18  Zergling x14  
  168  15:28  Zergling x8  
  168  15:31  Roach x4  
  168  15:38  Baneling x14  
  168  15:39  Zergling x2, Baneling x10  
  168  15:40  Zergling x14  
  176  15:44  Extractor  
  180  15:55  Spore Crawler  
Show
View Real Time Build Order
Export as new Build Order

GunGFuBanDa Protoss 

Build Orders: 1 Gate Expand, Oracle Opening, Phoenix Opening 

Get SALT Encoding   

  12  0:01  Probe  
  13  0:13  Probe  
  14  0:18  Pylon  
  14  0:25  Probe (Chrono Boost)  
  15  0:37  Probe (Chrono Boost)  
  15  0:39  Gateway  
  16  0:44  Probe (Chrono Boost)  
  16  0:49  Assimilator  
  17  0:53  Probe  
  18  1:05  Probe  
  19  1:17  Probe  
  20  1:26  Nexus  
  20  1:36  Cybernetics Core  
  20  1:41  Probe  
  20  1:44  Assimilator  
  21  1:53  Probe  
  22  1:56  Pylon  
  22  2:05  Probe (Chrono Boost)  
  23  2:12  Adept (Chrono Boost)  
  25  2:17  Probe (Chrono Boost)  
  25  2:20  Stargate  
  26  2:25  Probe (Chrono Boost)  
  27  2:30  Warp Gate  
  27  2:31  Probe  
  27  2:33  Adept (Chrono Boost)  
  30  2:38  Probe  
  30  2:43  Probe  
  32  2:50  Probe  
  33  2:55  Probe  
  33  2:57  Adept  
  36  3:02  Probe  
  36  3:04  Phoenix (Chrono Boost)  
  39  3:10  Probe  
  40  3:16  Gateway  
  40  3:19  Probe  
  41  3:22  Probe  
  41  3:24  Oracle (Chrono Boost)  
  45  3:31  Probe  
  45  3:33  Pylon  
  46  3:49  Pylon  
  46  3:51  Probe x2  
  48  3:57  Oracle (Chrono Boost)  
  51  4:03  Probe x2  
  51  4:04  Nexus  
  53  4:10  Pylon  
  53  4:15  Probe x2  
  55  4:20  Zealot x2  
  59  4:25  Robotics Facility  
  59  4:29  Shield Battery  
  59  4:31  Probe  
  59  4:35  Pylon  
  59  4:36  Probe  
  61  4:41  Assimilator  
  61  4:43  Probe (Chrono Boost)  
  61  4:45  Sentry, Assimilator  
  64  4:48  Probe (Chrono Boost)  
  65  4:54  Twilight Council  
  65  4:55  Probe (Chrono Boost)  
  65  4:58  Probe (Chrono Boost)  
  67  5:01  Probe (Chrono Boost), Forge  
  67  5:03  Probe (Chrono Boost)  
  67  5:14  Immortal (Chrono Boost)  
  67  5:15  Probe  
  67  5:16  Probe  
  67  5:19  Probe  
  67  5:20  Sentry, Zealot  
  78  5:28  Probe  
  79  5:30  Pylon  
  79  5:32  Gateway  
  79  5:38  Shield Battery  
  79  5:39  Probe x2  
  81  5:43  Immortal (Chrono Boost)  
  86  5:50  Probe  
  86  5:52  Sentry  
  86  6:04  Adept  
  86  6:07  Probe  
  86  6:08  Probe  
  86  6:10  Pylon  
  88  6:12  Pylon  
  88  6:15  Immortal (Chrono Boost)  
  92  6:25  Zealot x2  
  90  6:29  Protoss Ground Weapons Level 1 (Chrono Boost)  
  90  6:30  Probe (Chrono Boost)  
  81  6:33  Blink, Gateway  
  81  6:35  Gateway  
  81  6:36  Probe x2 (Chrono Boost)  
  81  6:39  Probe (Chrono Boost)  
  76  6:40  Cybernetics Core  
  76  6:43  Probe x2 (Chrono Boost)  
  62  6:50  Sentry, Immortal (Chrono Boost)  
  69  6:57  Sentry  
  68  7:04  Pylon  
  68  7:07  Gateway  
  68  7:09  Pylon  
  68  7:10  Gateway  
  68  7:17  Pylon  
  68  7:18  Pylon  
  68  7:20  Pylon  
  68  7:25  Sentry  
  68  7:29  Stalker  
  76  7:34  Stalker  
  76  7:35  Stalker  
  76  7:36  Pylon  
  80  7:45  Warp Prism  
  78  7:51  Stalker  
  80  8:01  Nexus  
  80  8:02  Sentry, Stalker x2  
  86  8:06  Pylon  
  86  8:09  Stalker  
  88  8:25  Immortal  
  92  8:28  Sentry, Stalker  
  92  8:29  Stalker x3  
  102  8:36  Gateway  
  102  8:41  Probe x2 (Chrono Boost)  
  104  8:53  Probe x2 (Chrono Boost)  
  106  8:57  Protoss Ground Weapons Level 2 (Chrono Boost)  
  106  9:02  Probe x2 (Chrono Boost)  
  108  9:07  Adept x2  
  108  9:08  Probe x2  
  114  9:12  Observer  
  115  9:25  Probe x2  
  115  9:28  Probe, Phoenix (Chrono Boost)  
  120  9:32  Stalker x4  
  120  9:37  Probe  
  127  9:44  Phoenix (Chrono Boost)  
  127  9:57  Observer  
  128  10:00  Stalker x2  
  128  10:03  Gateway  
  128  10:05  Photon Cannon  
  128  10:06  Pylon  
  132  10:10  Photon Cannon  
  132  10:13  Fleet Beacon  
  132  10:23  Phoenix (Chrono Boost)  
  132  10:26  Assimilator  
  132  10:27  Pylon, Assimilator  
  134  10:33  Pylon  
  134  10:37  Protoss Air Weapons Level 1  
  134  10:41  Phoenix  
  132  10:54  Photon Cannon, Observer  
  132  10:56  Anion Pulse-Crystals (Chrono Boost)  
  132  10:58  Shield Battery  
  132  10:59  Phoenix  
  136  11:08  Robotics Bay  
  134  11:18  Phoenix  
  134  11:26  Protoss Ground Weapons Level 3 (Chrono Boost)  
  134  11:31  Pylon  
  134  11:33  Pylon  
  134  11:39  Phoenix  
  134  11:45  Zealot x6  
  140  12:02  Sentry, Stalker  
  140  12:04  Phoenix  
  140  12:26  Stalker x7  
  120  12:39  Probe (Chrono Boost)  
  122  12:45  Probe x2 (Chrono Boost)  
  122  12:46  Phoenix  
  122  12:48  Probe (Chrono Boost)  
  114  12:52  Probe (Chrono Boost)  
  113  13:11  Nexus, Phoenix (Chrono Boost)  
  115  13:14  Colossus  
  101  13:29  Sentry, Stalker x2, Zealot  
  101  13:30  Stalker, Sentry  
  97  13:59  Zealot x2  
  93  14:06  Zealot  
  92  14:12  Sentry, Zealot  
  96  14:22  Probe  
  97  14:34  Probe  
  95  14:52  Disruptor (Chrono Boost)  
  95  14:54  Nexus  
  98  15:05  Sentry  
  100  15:10  Sentry  
  82  15:33  Sentry  
  82  15:35  Phoenix (Chrono Boost)  
Tags
 
Add a new tag
Caveats
  • Supply blocks, unpowered buildings, or Contaminate may cause inaccurate times.
  • Supply counts are checked every 10 seconds.